 Dungeon Crawl Stone Soup version 0.31-a0-188-g5e087ee2ca (webtiles) character file.

Game seed: 11114474139179235335

4 qw the Shooter (level 1, 0/12 HPs)
             Began as a Deep Elf Hunter on June 23, 2023.
             Slain by a hobgoblin (1 damage)
             ... on level 1 of the Dungeon.
             The game lasted 00:00:02 (41 turns).

qw the Shooter (Deep Elf Hunter)                      Turns: 41, Time: 00:00:03

Health: 0/12       AC:  3    Str:  8    XL:     1   Next: 58%
Magic:  3/3        EV: 12    Int: 13    God:
Gold:   24         SH:  0    Dex: 18    Spells: 0/0 levels left

rFire   . . .        a - +0 shortbow
rCold   . . .        (shield currently unavailable)
rNeg    . . .        c - +0 leather armour
rPois   .            (no helmet)
rElec   .            (no cloak)
rCorr   .            (no gloves)
SInv    .            (no boots)
Will    .....        (no amulet)
Stlth   ++           (no ring)
HPRegen 0.22/turn    (no ring)
MPRegen 0.08/turn

%: no passive effects
@: no status effects
A: no striking features
a: no special abilities


You were on level 1 of the Dungeon.
You visited 1 branch of the dungeon, and saw 1 of its levels.

You collected 24 gold pieces.


   Skills:
 - Level 1.5 Fighting
 + Level 5.7 Ranged Weapons
 - Level 2.4 Dodging
 - Level 1.2 Stealth


You couldn't memorise any spells.
You didn't know any spells.
Your spell library was empty.

Inventory:

Hand Weapons
 a - a +0 shortbow (weapon)
Armour
 c - a +0 leather armour (worn)
Scrolls
 b - a scroll of butterflies
Potions
 d - a potion of haste {unknown}

Dungeon Overview and Level Annotations

Branches:
Dungeon (1/15)

Altars:


Message History

The ball python hisses angrily.
You hear a shout!
You shoot an arrow. The arrow closely misses the kobold.
You shoot an arrow. The arrow barely misses the kobold.
A jackal comes into view.
You shoot an arrow. The arrow completely misses the kobold.
The kobold barely misses you. The quokka barely misses you.
You shoot an arrow. The arrow misses the quokka.
The jackal closely misses you. The ball python closely misses you.
The ball python grabs you. The ball python constricts you.
The kobold completely misses you.
The quokka bites you but does no damage.
The jackal bites you.
The ball python bites you but does no damage.
The ball python constricts you.
You shoot an arrow. The arrow hits the ball python!
You kill the ball python!
The quokka bites you but does no damage.
The jackal closely misses you. The kobold closely misses you.
A hobgoblin comes into view.
A quokka comes into view.
The quokka barely misses you.
You shoot an arrow. The arrow hits the quokka!
You kill the quokka!
The jackal barely misses you. The kobold barely misses you.
The jackal bites you but does no damage.
The kobold misses you.
You shoot an arrow.
The arrow hits the quokka but does no damage.
The jackal bites you but does no damage.
The quokka closely misses you.
The kobold hits you with a +0 short sword.
The hobgoblin barely misses you. The jackal closely misses you.
You shoot an arrow. The arrow hits the quokka.
The quokka is heavily wounded.
The quokka barely misses you. The jackal barely misses you.
The kobold barely misses you. The hobgoblin closely misses you.
You shoot an arrow. The arrow closely misses the quokka.
The quokka bites you. The jackal bites you.
The kobold hits you with a +0 short sword.
The hobgoblin hits you.
You die...

##.....}..# #.....
#.........###....##
.....#......#...#..#
...###.........##..####.
..# #..<..#....).......
#.. #............#..#..
# ...#......#.%##.......
.........###..........
#.....}..#...h@......(
####.....#...gKr......
#######..###.......
..... .##.... ..... .?
... .....# .## .. .....
.. # (#


You could see a quokka, a jackal, a hobgoblin and a kobold.

Vanquished Creatures
  A giant cockroach (D:1)
  A kobold (D:1)
  A quokka (D:1)
  A ball python (D:1)
4 creatures vanquished.

Notes
Turn   | Place    | Note
-------+----------+-------------------------------------------
     0 | D:1      | qw the Deep Elf Hunter began the quest for the Orb.
     0 | D:1      | Reached XP level 1. HP: 12/12 MP: 3/3
     0 | D:1      | 0 ||| qw: Version: 0.3-a-9-g12657ce
     0 | D:1      | 0 ||| qw: Game counter: 3895
     0 | D:1      | 0 ||| qw: Always use a shield: true
     0 | D:1      | 0 ||| qw: God list: Okawaru
     0 | D:1      | 0 ||| qw: Allow faded altars: false
     0 | D:1      | 0 ||| qw: Do Orc after D:15 true
     0 | D:1      | 0 ||| qw: Do second Lair branch before Depths: true
     0 | D:1      | 0 ||| qw: Lair rune preference: random
     0 | D:1      | 0 ||| qw: Plans: Normal
     0 | D:1      | 0 ||| PLANNING D:1-11
    41 | D:1      | HP: 3/12 [jackal (2)]
    41 | D:1      | HP: 1/12 [kobold/+0 short sword (2)]
    41 | D:1      | Slain by a hobgoblin

Levels and vault maps discovered:
D:1:      dpeg_arrival_arbitrary_c, layout_rooms, minivault_4,
          minmay_pentomino_u4

Action                     || total
---------------------------++-------
   Fire: Shortbow          ||    18
 Armour: Leather armour    ||     5
  Dodge: Dodged            ||    20

Table legend:
 A = Non-vault XP
 B = Vault XP
 C = Vault XP percentage of total XP
 D = Non-vault monster count
 E = Vault monster count
 F = Vault count percentage of total count
                 A         B        C        D         E       F
            +---------+---------+-------+---------+---------+-------
      Total |       6 |       1 |  14.3 |       3 |       1 |  25.0
            +---------+---------+-------+---------+---------+-------
        D:1 |       6 |       1 |  14.3 |       3 |       1 |  25.0
            +---------+---------+-------+---------+---------+-------
